 Dungeon Crawl Stone Soup version 0.18-a0-1070-gd466a24 (webtiles) character file.

112 ater218 the Insei (level 4, 0/36 HPs)
             Began as a Demigod Transmuter on Jan 13, 2016.
             Slain by a gnoll
             ... wielding a +0 flail
              (2 damage)
             ... on level 2 of the Dungeon.
             The game lasted 00:10:29 (1914 turns).

ater218 the Insei (Demigod Transmuter)              Turns: 1914, Time: 00:10:30

Health: 0/36       AC:  5    Str: 15    XL:     4   Next: 38%
Magic:  3/9        EV: 13    Int: 17    God:
Gold:   141        SH:  0    Dex: 16    Spells: 2 memorised, 2 levels left

rFire  . . .     SeeInvis .       - Unarmed
rCold  . . .     Gourm    .     b - +1 robe
rNeg   . . .     Faith    .     (no shield)
rPois  +         Spirit   .     (no helmet)
rElec  .         Dismiss  .     a - +0 cloak
rCorr  .         Reflect  .     (no gloves)
SustAt +         Harm     .     h - +0 pair of boots
MR     .....                    (no amulet)
Stlth  ++........               (no ring)
                                n - ring of poison resistance

@: very slightly contaminated, not resistant to hostile enchantments, unstealthy
A: high mp 1, sustain attributes
a: no special abilities


You were on level 2 of the Dungeon.
You were not hungry.

You visited 1 branch of the dungeon, and saw 2 of its levels.

You collected 141 gold pieces.

Inventory:

Armour
 a - a +0 cloak (worn)
 b - a +1 robe (worn)
 h - a +0 pair of boots (worn)
Jewellery
 n - a ring of poison resistance (left hand)
Wands
 m - a wand of frost (19/48)
Scrolls
 i - 2 scrolls of enchant weapon
 k - a scroll of identify
 p - a scroll of teleportation {unknown}
Potions
 e - 2 potions of heal wounds {unknown}
 f - a potion of curing {unknown}
 g - a potion of agility {unknown}
 j - 2 potions of flight {unknown}
Books
 c - a book of Changes

   Spells                             Type                      Level
   a - Beastly Appendage              Transmutation                1
   b - Sticks to Snakes               Transmutation                2
   c - Spider Form                    Transmutation/Poison         3
   d - Ice Form                       Ice/Transmutation            4
   e - Blade Hands                    Transmutation                5
Comestibles
 d - a bread ration
 l - a slice of pizza


   Skills:
 * Level 1.9 Fighting
 + Level 2.9 Dodging
 + Level 0.6 Stealth
 * Level 3.5 Unarmed Combat
 + Level 1.9 Spellcasting
 + Level 2.0 Transmutations


You had 2 spell levels left.
You knew the following spells:

 Your Spells              Type           Power        Failure   Level  Hunger
a - Beastly Appendage     Trmt           #.....       10%         1    #......
b - Spider Form           Trmt/Pois      #.........   47%         3    ###....


Dungeon Overview and Level Annotations

Branches:
Dungeon (2/15)


Innate Abilities, Weirdness & Mutations

You have an increased reservoir of magic (+10% MP).
Your attributes are resistant to harm.


Message History

Your +1 robe unmelds from your body.
The gnoll hits you with a flail.
* * * LOW HITPOINT WARNING * * *
Casting: Spider Form
Confirm with . or Enter, or press ? or * to list all spells.
You miscast Beastly Appendage.
Strange energies run through your body. The gnoll misses you.
You barely miss the gnoll.
The gnoll is heavily wounded.
The gnoll hits you with a flail!
* * * LOW HITPOINT WARNING * * *
You completely miss the gnoll.
The gnoll is heavily wounded.
The gnoll hits you with a flail.
* * * LOW HITPOINT WARNING * * *
You closely miss the gnoll.
The gnoll is heavily wounded.
You hit the gnoll.
The gnoll is severely wounded.
The gnoll hits you with a flail.
You die...

#.....## ##.......## ##.#
>....).###.........# ##..# #
(.......###........#######...####
........'.......................'
........###<.......#######...####
.......## #....#...# ##†.# #
#.....## #..###...# ##†# ##.^.##
#.....)).# #.# ##+## ######@###
#.# *,* #g# #####.# *,* #.#
#.....#### **,** #.# #.#.......
**,,,** #.# #.#.#.###.
*,,,,,*********#.# ##.#.#.# #.
**,,,,,,,,,,,,,..# ##.#..#.###.
**,,,**********### #.###.....#.
,,,,,* ##.#..#.#...


You could see a gnoll.

Vanquished Creatures
  Ijyb (D:2)
  Terence (D:2)
  2 gnolls (D:2)
  2 worms (D:2)
  2 giant geckos
  7 bats
  A giant cockroach (D:1)
  4 goblins
  3 hobgoblins (D:1)
  6 kobolds
  2 giant newts
  5 rats
36 creatures vanquished.

Notes
Turn   | Place    | Note
--------------------------------------------------------------
     0 | D:1      | ater218 the Demigod Transmuter began the quest for the Orb.
     0 | D:1      | Reached XP level 1. HP: 15/15 MP: 5/5
    34 | D:1      | Reached skill level 1 in Fighting
   219 | D:1      | Reached skill level 3 in Unarmed Combat
   219 | D:1      | Reached XP level 2. HP: 23/23 MP: 5/7
  1052 | D:2      | Noticed Ijyb
  1062 | D:2      | Killed Ijyb
  1062 | D:2      | Reached XP level 3. HP: 26/28 MP: 6/8
  1697 | D:2      | Found an ancient bone altar of Kikubaaqudgha.
  1699 | D:2      | Found a sparkling altar of Nemelex Xobeh.
  1702 | D:2      | Found a glowing silver altar of Zin.
  1779 | D:2      | Noticed Terence
  1806 | D:2      | Killed Terence
  1806 | D:2      | Reached XP level 4. HP: 29/36 MP: 7/9
  1872 | D:2      | Learned a level 3 spell: Spider Form
  1914 | D:2      | Slain by a gnoll

Vault maps used:
D:1:      dpeg_arrival_erosion
D:2:      grunt_temple_overflow_open, ecumenical_altar_1, uniq_terence,
          uniq_iyjb

Action                   |  1- 3 |  4- 6 || total
-------------------------+-------+-------++-------
Melee: Unarmed           |   138 |    17 ||   155
 Cast: Beastly Appendage |     5 |       ||     5
       Spider Form       |       |     1 ||     1
  Use: Scroll            |     6 |       ||     6
  Eat: Meat ration       |     1 |       ||     1
